 Dungeon Crawl Stone Soup version 0.28.0-53-g5a82cb258f (webtiles) character file.

Game seed: 321092832393770039

1630 concernfroge the Destroyer (level 8, 0/51 HPs)
             Began as a Deep Elf Conjurer on June 20, 2022.
             Was a Follower of Vehumet.
             Killed from afar by a steam dragon (4 damage)
             ... with a ball of steam
             ... on level 7 of the Dungeon.
             The game lasted 00:27:01 (8238 turns).

concernfroge the Destroyer (Deep Elf Conjurer)      Turns: 8238, Time: 00:27:02

Health: 0/51       AC:  4    Str:  4    XL:     8   Next: 65%
Magic:  0/14       EV: 12    Int: 26    God:    Vehumet [*.....]
Gold:   280        SH:  0    Dex: 13    Spells: 3/13 levels left

rFire   + . .      SeeInvis .   (no weapon)
rCold   . . .      Faith    .   (no shield)
rNeg    . . .      Spirit   .   a - +0 robe
rPois   .          Reflect  .   (no helmet)
rElec   .          Harm     .   (no cloak)
rCorr   .          Rampage  .   m - +1 pair of gloves
Will    .....                   (no boots)
Stlth   ++........              (no amulet)
HPRegen 0.17/turn               k - ring of protection from fire
MPRegen 0.14/turn               (no ring)

@: no status effects
A: no striking features
a: Renounce Religion


You were on level 7 of the Dungeon.
You worshipped Vehumet.
Vehumet was aware of your devotion.
You visited 2 branches of the dungeon, and saw 8 of its levels.
You also visited: Sewer.

You collected 280 gold pieces.

Inventory:

Armour
 a - a +0 robe (worn)
 m - a +1 pair of gloves (worn)
Jewellery
 k - a ring of protection from fire (left hand)
Scrolls
 b - 2 scrolls of enchant weapon
 g - 2 scrolls of amnesia
 h - 3 scrolls of teleportation
 i - a scroll of acquirement {unknown}
 j - a scroll of enchant armour
 p - a scroll of summoning
Potions
 c - 2 potions of curing
 d - 4 potions of haste
 e - a potion of attraction
 f - a potion of magic
 n - a potion of might


   Skills:
 + Level 6.1 Fighting
 - Level 2.4 Dodging
 - Level 2.4 Stealth
 - Level 3.0 Spellcasting
 - Level 10.0 Conjurations


You had 3 spell levels left.
You knew the following spells:

 Your Spells              Type           Power      Damage    Failure   Level
a - Magic Dart            Conj           100%       1d8       1%          1
b - Searing Ray           Conj           100%       2d8       1%          2
c - Dazzling Flash        Conj/Hex       58%        N/A       3%          3
d - Fulminant Prism       Conj/Hex       14%        3d9       12%         4

Your spell library contained the following spells:

 Spells                   Type           Power      Damage    Failure   Level
 Shock                    Conj/Air       100%       1d9       1%          1
 Static Discharge         Conj/Air       29%        N/A       1%          2
 Inner Flame              Hex/Fire       3%         N/A       28%         3
 Iskenderun's Mystic Bla  Conj/Tloc      29%        2d7       12%         4
 Lightning Bolt           Conj/Air       14%        1d28      32%         5
 Cause Fear               Hex            1%         N/A       67%         4
 Discord                  Hex            1%         N/A       100%        8
 Maxwell's Capacitive Co  Air            1%         ∞         100%        8


Dungeon Overview and Level Annotations

Branches:
Dungeon (7/15)             Temple (1/1) D:4           Sewer (visited)

Altars:
Ashenzari
Cheibriados
Dithmenos
Elyvilon
Fedhas
Gozag
Hepliaklqana
Kikubaaqudgha
Makhleb
Nemelex Xobeh
Okawaru
Qazlal
Ru
Sif Muna
Trog
Vehumet
Wu Jian
Yredelemnul
Zin
The Shining One

Shops:
D:2 *


Message History

Press: ? - help, Dir - move target You conjure a prism of explosive energy!
A fulminant prism comes into view.
The ufetubus hits your fulminant prism. x3
Your fulminant prism detonates feebly.
As you read the scroll of teleportation, it crumbles to dust.
You feel strangely unstable. The ufetubus hits you.
The ufetubus closely misses you.
Okay, then.
Your surroundings suddenly seem different.
An iguana and a steam dragon come into view.
Found 9 gold pieces, 16 stones, a robe and an emerald potion.
Found a stone staircase leading down.
The iguana hisses angrily.
You aren't carrying any items that you can evoke.
Okay, then.
Okay, then.
Press: ? - help, v - describe, . - travel The floor.
Unknown command.
Casting: Fulminant Prism (quite dangerous; 12% risk of failure)
Confirm with . or Enter, or press ? or * to list all spells.
Aiming: Searing Ray (safe; 1% risk of failure)
Press: ? - help, Shift-Dir - straight line, f - iguana
Aim: an iguana (85% to hit)
The searing ray misses the iguana. (Press . to maintain the ray.)
The searing ray hits the iguana.
The iguana is moderately wounded.
The steam dragon hisses angrily.
The iguana bites you!
* * * LOW HITPOINT WARNING * * *
Blink to where?
Press: ? - help, Dir - move target, p - iguana
As you read the scroll of blinking, it crumbles to dust.
As you read the scroll of fog, it crumbles to dust.
The scroll dissolves into smoke.
The steam dragon breathes steam at you. The ball of steam hits you. You resist.
You die...

. .# ..# #.#
###########..###
#......§........
#.....§§§§§.#
###.....§§@§#
#.......§####
#........#
#.....D..##
#..§.l.$....#
#.>..........
#........####
#.[....(.#
#..!.....#


There were no monsters in sight!

Vanquished Creatures
  Grinder (D:5)
  Menkaure (D:6)
  An acid dragon (D:7)
  A water moccasin (D:6)
  A black bear (D:3)
  4 phantoms
  2 bullfrogs (Sewer)
  A water moccasin zombie (D:5)
  A centaur zombie (D:4)
  A bullfrog skeleton (D:5)
  2 centaur skeletons
  2 hounds (D:5)
  2 orc wizards (D:6)
  Terence (D:3)
  A howler monkey zombie (D:7)
  11 adders
  4 white imps
  An adder skeleton (D:2)
  5 dart slugs
  9 orcs
  8 ball pythons
  9 bats
  8 endoplasms
  6 giant cockroaches
  12 goblins
  6 hobgoblins
  10 jackals
  11 kobolds
  9 quokkas
  14 frilled lizards
  6 rats
151 creatures vanquished.

Vanquished Creatures (others)
  10 fulminant prisms
10 creatures vanquished.

Grand Total: 161 creatures vanquished

Notes
Turn   | Place    | Note
-------+----------+-------------------------------------------
     0 | D:1      | concernfroge the Deep Elf Conjurer began the quest for the
                  | Orb.
     0 | D:1      | Reached XP level 1. HP: 10/10 MP: 6/6
   194 | D:1      | Reached XP level 2. HP: 15/15 MP: 6/8
   197 | D:1      | Learned a level 2 spell: Searing Ray
   271 | D:1      | Reached skill level 5 in Conjurations
   647 | D:1      | Reached XP level 3. HP: 19/19 MP: 6/9
   651 | D:1      | Learned a level 3 spell: Dazzling Flash
  1267 | D:2      | Found Venwir's Assorted Antiques.
  1550 | D:2      | Reached skill level 6 in Conjurations
  1645 | D:2      | Reached XP level 4. HP: 24/24 MP: 6/10
  2213 | D:2      | Identified the +0 leather armour of Valour {rPois Regen+
                  | Str-3 Dex+8}
  2634 | D:3      | Noticed a phantom
  2639 | D:3      | Killed a phantom
  2640 | D:3      | Reached skill level 7 in Conjurations
  2640 | D:3      | Reached XP level 5. HP: 28/28 MP: 4/11
  2645 | D:3      | Learned a level 4 spell: Fulminant Prism
  2775 | D:3      | Found a faded altar of an unknown god.
  3321 | D:3      | Noticed Terence
  3326 | D:3      | Killed Terence
  3330 | D:3      | Noticed a black bear
  3335 | D:3      | Killed a black bear
  3336 | D:3      | Reached skill level 8 in Conjurations
  3336 | D:3      | Reached XP level 6. HP: 32/32 MP: 1/12
  3589 | D:4      | Found a staircase to the Ecumenical Temple.
  3608 | Temple   | Entered the Ecumenical Temple
  3944 | Temple   | Became a worshipper of Vehumet
  4102 | D:4      | Found a glowing drain.
  4133 | Sewer    | Entered a sewer
  4674 | Sewer    | Reached * piety under Vehumet
  4674 | Sewer    | Offered knowledge of Shock by Vehumet.
  4758 | Sewer    | Reached skill level 9 in Conjurations
  4795 | Sewer    | Reached XP level 7. HP: 36/36 MP: 8/13
  5080 | D:4      | Found an iron altar of Okawaru.
  5743 | D:5      | Entered Level 5 of the Dungeon
  5896 | D:5      | Found a basalt altar of Yredelemnul.
  6015 | D:5      | Reached skill level 10 in Conjurations
  6066 | D:5      | Reached skill level 1 in Fighting
  6249 | D:5      | Noticed Grinder
  6265 | D:5      | Paralysed by Grinder for 4 turns
  6271 | D:5      | Killed Grinder
  6545 | D:6      | Reached XP level 8. HP: 43/46 MP: 5/14
  7415 | D:6      | Noticed Menkaure
  7420 | D:6      | Killed Menkaure
  7421 | D:6      | Reached skill level 5 in Fighting
  8238 | D:7      | Killed from afar by a steam dragon

Illustrated notes

Levels and vault maps discovered:
D:1:      dpeg_arrival_renting, layout_basic, serial_aquarium,
          aquarium_bridge_island_small [aquarium_subvault_small_water,
          aquarium_subvault_bridge, aquarium_subvault_bridge,
          aquarium_subvault_bridge, aquarium_subvault_wall],
          aquarium_bridge_square [aquarium_subvault_wall,
          aquarium_subvault_bridge, aquarium_subvault_bridge,
          aquarium_subvault_window], aquarium_window_2, aquarium_window_2,
          aquarium_window_3, aquarium_window_double, aquarium_view_2a,
          minmay_misc_feat_tower
D:2:      cheibrodos_greedy_goblins, layout_loops_ring, serial_shops,
          shop_statue
D:3:      layout_rooms, hellmonk_ecumenical_altar_slurped_away, uniq_terence
D:4:      layout_loops_corners, overflow_temple_1_default,
          minmay_temple_entry_offerings, gup_sewer_entry_glass,
          hangedman_abyss_or_decor_stabs
D:5:      layout_rooms, lemuel_doored_altar, uniq_grinder
D:6:      layout_loops_corners, centaur_isle, uniq_menkaure
D:7:      layout_rooms
Temple:   dpeg_five_rooms_temple

Skill      XL: |  1  2  3  4  5  6  7  8 |
---------------+-------------------------+-----
Conjurations   | 5 6 7 8 9 10 | 10.0
Fighting       | 3 6 |  6.1
Dodging        | |  2.4
Stealth        | |  2.4
Spellcasting   | |  3.0

Action                   |  1- 3 |  4- 6 |  7- 9 || total
-------------------------+-------+-------+-------++-------
 Cast: Magic Dart        |    55 |    71 |    49 ||   175
       Searing Ray       |    13 |    36 |    21 ||    70
       Fulminant Prism   |       |       |    10 ||    10
  Use: Potion            |     6 |       |     1 ||     7
       Scroll            |     1 |     9 |     5 ||    15
Armor: Robe              |       |     5 |     6 ||    11
Dodge: Dodged            |     3 |     5 |    12 ||    20
